 Dungeon Crawl Stone Soup version 0.32-a0-450-g080537f31e (webtiles) character file.

Game seed: 9524439061093424087

793 javelincjr the Trooper (level 7, 0/49 (57) HPs)
             Began as a Demonspawn Monk on Feb 23, 2024.
             Slain by a wight
             ... wielding a +2 long sword
              (4 damage)
             ... on level 6 of the Dungeon.
             The game lasted 00:14:30 (2746 turns).

javelincjr the Trooper (Demonspawn Monk)            Turns: 2746, Time: 00:14:31

HP:   0/49 (57)     AC:  8    Str: 13    XL:     7   Next: 57%
MP:   10/10         EV: 14    Int: 13    God:
Gold: 105           SH:  0    Dex: 16    Spells: 8/10 levels left

rFire   . . .        b - +3 dagger (drain)
rCold   . . .        (no shield)
rNeg    . . .        f - +0 robe
rPois   .            (no helmet)
rElec   .            (no cloak)
rCorr   .            (no gloves)
SInv    .            p - +3 pair of boots of Misanthropy {Int+3}
Will    .....        (no amulet)
Stlth   +            (no ring)
HPRegen 0.28/turn    (no ring)
MPRegen 0.12/turn

%: no passive effects
@: heavily drained
A: slimy green scales 1, demonic touch 2
a: no special abilities


You were on level 6 of the Dungeon.
You visited 1 branch of the dungeon, and saw 4 of its levels.
You also visited: Sewer.

You collected 105 gold pieces.

Inventory:

Hand Weapons
 a - a +0 sling
 b - a +3 dagger of draining (weapon)
 j - a +0 hand axe
Missiles
 e - 8 stones (quivered)
 i - 8 poisoned darts
 l - a curare-tipped dart
Armour
 d - an orb of light
 f - a +0 robe (worn)
 h - a +0 ring mail
 p - the +3 pair of boots of Misanthropy (worn) {Int+3}
   (You acquired it on level 6 of the Dungeon)

   Int+3:     It affects your intelligence (+3).
Scrolls
 c - 2 scrolls of enchant weapon {unknown}
 g - 2 scrolls of acquirement
 n - a scroll of fear {unknown}
 o - a scroll of brand weapon
 q - a scroll of immolation {unknown}
Potions
 k - a potion of curing
 m - a potion of might


   Skills:
 * Level 5.9 Fighting
 + Level 2.4 Short Blades
 - Level 3.1 Axes
 + Level 3.0 Armour
 + Level 4.1 Dodging
 + Level 2.3 Spellcasting


You had 8 spell levels left.
You knew the following spells:

 Your Spells              Type           Power      Damage    Failure   Level
a - Call Imp              Summ           2%         N/A       36%         2

Your spell library contained the following spells:

 Spells                   Type           Power      Damage    Failure   Level
 Scorch                   Fire           2%         2d5       36%         2
 Call Canine Familiar     Summ           1%         N/A       58%         3
 Flame Wave               Conj/Fire      1%         2d4       94%         4
 Summon Blazeheart Golem  Fire/Summ      1%         N/A       94%         4
 Summon Cactus Giant      Summ           0%         N/A       100%        6
 Orb of Destruction       Conj           0%         9d5       100%        7
 Spellforged Servitor     Conj/Summ      0%         N/A       100%        7
 Summon Hydra             Summ           0%         N/A       100%        7


Dungeon Overview and Level Annotations

Branches:
Dungeon (3/15)              Sewer (visited)

Altars:


Innate Abilities, Weirdness & Mutations

You are partially covered in slimy green scales. (AC +2)
Your touch may inflict irresistible damage on your foes.


Message History

The wight is almost destroyed.
The wight hits you with a +3 mace of freezing.
You feel drained. The wight freezes you.
You hit the wight but do no damage. Your touch misses the wight.
The wight is almost destroyed.
The wight barely misses you.
You barely miss the wight.
The wight is almost destroyed.
The wight hits you but does no damage.
You hit the wight but do no damage.
The wight is almost destroyed.
The wight hits you with a +3 mace of freezing!
You feel drained. The wight freezes you.
You barely miss the wight.
The wight is almost destroyed.
The wight hits you with a +3 mace of freezing.
The wight freezes you.
You hit the wight but do no damage.
The wight is severely damaged.
The wight closely misses you.
You hit the wight but do no damage.
The wight is severely damaged.
The wight completely misses you.
You completely miss the wight.
The wight is severely damaged.
You hit the wight but do no damage.
You touch the wight.
You destroy the wight!
Your Armour skill increases to level 3!
You hit the wight but do no damage.
The wight hits you with a +2 long sword!
* * * LOW HITPOINT WARNING * * *
You hit the wight.
You touch the wight!
The wight is severely damaged.
The wight barely misses you.
You hit the wight.
The wight is almost destroyed.
The wight hits you with a +2 long sword!
* * * LOW HITPOINT WARNING * * *
You feel drained.
You die...

.............. ... #......
....#. ...! .....
....##.... .... #...#
#..z.... ...# #...# #.....
...# #...# #...# ...# #...#
#...#
...########...#####...#
...#..........'.@z...##
.....######...######......#
.....#####...#............#
.#...........#............#
.###.........#........#....
.# #.......................
.# ###########.............
.# ####....... .. ## .....


You could see a wight.

Vanquished Creatures
  A black bear (D:6)
  A crocodile (Sewer)
  An ogre (D:6)
  3 kobold brigands (Sewer)
  A brain worm (Sewer)
  A scorpion (D:6)
  A wight (D:6)
  Jessica (D:2)
  2 river rats (Sewer)
  6 adders
  A dart slug (D:2)
  A ribbon worm (D:2)
  An orc (D:2)
  13 ball pythons
  3 bats
  4 endoplasms
  4 giant cockroaches
  A hobgoblin (D:2)
  6 jackals
  4 quokkas
  3 frilled lizards
  6 goblins
  4 kobolds
  6 rats
75 creatures vanquished.

Notes
Turn   | Place    | Note
-------+----------+-------------------------------------------
     0 | D:1      | javelincjr the Demonspawn Monk began the quest for the Orb.
     0 | D:1      | Reached XP level 1. HP: 18/18 MP: 1/1
   222 | D:1      | Gained mutation: Your touch may inflict minor irresistible
                  | damage on your foes. [demonic ancestry]
   222 | D:1      | Reached XP level 2. HP: 24/24 MP: 2/2
   656 | D:2      | Gained mutation: You are partially covered in slimy green
                  | scales. (AC +2) [demonic ancestry]
   656 | D:2      | Reached XP level 3. HP: 11/29 MP: 3/3
   658 | D:2      | Reached skill level 1 in Armour
   841 | D:2      | Got Ejuiguesch's Textbook on the Mob
   899 | D:2      | Noticed Jessica
   907 | D:2      | Killed Jessica
   908 | D:2      | Gained mutation: Your touch may inflict irresistible damage
                  | on your foes. [demonic ancestry]
   908 | D:2      | Reached XP level 4. HP: 37/37 MP: 4/4
  1433 | D:3      | You fall into a shaft and drop 3 floors!
  1434 | D:6      | Identified 3 scrolls of acquirement
  1434 | D:6      | Acquired the +3 pair of boots of Misanthropy {Int+3}
  1443 | D:6      | Learned a level 2 spell: Call Imp
  1447 | D:6      | Noticed an ogre
  1460 | D:6      | Killed an ogre
  1461 | D:6      | Reached skill level 4 in Fighting
  1461 | D:6      | Reached XP level 5. HP: 20/43 MP: 4/6
  1498 | D:6      | Reached skill level 1 in Short Blades
  1498 | D:6      | Reached skill level 1 in Spellcasting
  1617 | D:6      | Found a glowing drain.
  1660 | Sewer    | Entered a sewer
  1760 | Sewer    | Reached XP level 6. HP: 32/50 MP: 6/8
  1824 | Sewer    | Reached skill level 5 in Fighting
  2067 | Sewer    | HP: 1/51 [poisoned by a kobold brigand (curare-tipped
                  | dart)]
  2157 | Sewer    | Reached XP level 7. HP: 29/56 MP: 8/10
  2746 | D:6      | Slain by a wight

Illustrated notes

Levels and vault maps discovered:
D:1:      arrival_zaba_pyramid, layout_rooms, minmay_domino_2
D:2:      minmay_alternating_diamond, layout_basic, uniq_jessica
D:3:      layout_basic, serial_curves, eino_curves_01, eino_curves_01
D:6:      black_bear_nest_1, layout_basic, portal_sewer_entry_f,
          nicolae_nh_ransacked_shop, uniq_crazy_yiuf_cottage

Skill      XL: |  1  2  3  4  5  6  7 |
---------------+----------------------+-----
Dodging        | 3 4 |  4.1
Axes           | 3 |  3.1
Armour         | 1 2 3 |  3.0
Fighting       | 4 5 |  5.9
Short Blades   | 1 2 |  2.4
Spellcasting   | 1 2 |  2.3

Action                     |  1- 3 |  4- 6 |  7- 9 || total
---------------------------+-------+-------+-------++-------
  Melee: Hand axe          |    12 |       |       ||    12
         Dagger            |    55 |   140 |    66 ||   261
         Touch             |     7 |    25 |    14 ||    46
   Fire: Sling             |     8 |       |       ||     8
  Throw: Stone             |     7 |    11 |     6 ||    24
    Use: Scroll            |       |     5 |       ||     5
         Potion            |       |     5 |       ||     5
   Stab: Sleeping          |       |     1 |       ||     1
 Armour: Robe              |    20 |    55 |    27 ||   102
  Dodge: Dodged            |    52 |    74 |    23 ||   149

Table legend: (Time is in decaauts)
 A = Elapsed time spent in this place.
 B = Non-inter-level travel time spent in this place.
 C = Inter-level travel time spent in this place.
 D = Time resting spent in this place.
 E = Time spent auto-exploring this place.
 F = Levels seen in this place.
 G = Mean time per level.
                   A        B        C        D        E       F      G
               +--------+--------+--------+--------+--------+-----+--------+
         Total |   2871 |   2821 |     50 |    169 |   1838 |   5 |  574.2 |
       Dungeon |   1861 |   1811 |     50 |    115 |   1246 |   4 |  465.2 |
         Sewer |   1010 |   1010 |      0 |     54 |    592 |   1 | 1010.0 |
               +--------+--------+--------+--------+--------+-----+--------+

Top non-repeatable levels by time:
   Sewer: 1010 daAuts
     D:2: 921 daAuts
     D:1: 485 daAuts
     D:6: 424 daAuts
     D:3: 29 daAuts
